Map: Ley Lines

Players

LigerMaNN

  • Race: Zerg Zerg
  • League: Diamond
  • Spawn Location: 7:00

CircusHelm - Winner!

  • Race: Terran Terran
  • League: Diamond
  • Spawn Location: 1:00

VOD

Have the link to the VOD?

Description

Time

  • Played on: June 3, 2025, 11:54 p.m.
  • Length: 8:49
Show
View Real Time Build Order
Export as new Build Order

LigerMaNN Zerg 

Build Orders: Hatch First 

Get SALT Encoding   

  12  0:00  Drone  
  13  0:13  Overlord  
  13  0:19  Drone  
  14  0:32  Drone x2  
  14  0:35  Drone  
  17  0:51  Hatchery  
  17  0:54  Drone  
  17  0:58  Drone  
  18  1:08  Extractor  
  17  1:13  Spawning Pool  
  17  1:17  Drone  
  17  1:20  Drone  
  18  1:28  Drone  
  19  1:44  Overlord  
  19  2:03  Zergling x6, Queen x2  
  26  2:13  Metabolic Boost  
  26  2:15  Drone  
  27  2:18  Drone  
  28  2:32  Drone  
  28  2:33  Drone  
  29  2:52  Drone  
  29  2:53  Drone x2  
  32  2:58  Pneumatized Carapace  
  32  2:59  Hatchery  
  28  3:18  Queen  
  29  3:23  Drone x4  
  29  3:25  Drone  
  34  3:43  Lair  
  34  3:51  Drone  
  34  3:52  Drone  
  36  3:56  Overlord x3  
  36  4:21  Zergling x16  
  44  4:40  Drone x6  
  44  4:41  Drone x2  
  44  4:43  Queen  
  54  4:48  Queen  
  56  4:59  Drone  
  59  5:00  Drone x3  
  59  5:04  Overlord  
  59  5:07  Overlord  
  54  5:31  Drone x10  
  54  5:32  Drone x4  
  68  5:37  Evolution Chamber  
  68  5:38  Evolution Chamber  
  61  5:53  Extractor x2  
  59  5:57  Extractor  
  59  5:58  Drone x9, Extractor  
  66  6:06  Zerg Melee Weapons Level 1, Zerg Ground Armor Level 1  
  66  6:09  Baneling Nest  
  65  6:14  Drone x3  
  65  6:15  Extractor  
  67  6:34  Drone x3  
  67  6:37  Drone x4  
  67  6:39  Overlord x4  
  74  6:45  Hydralisk Den  
  73  7:03  Hatchery  
  73  7:04  Zergling x22  
  83  7:08  Centrifugal Hooks  
  83  7:15  Hatchery  
  82  7:16  Queen  
  82  7:17  Queen  
  84  7:35  Zergling x24  
  87  7:43  Zergling x6  
  82  7:48  Zergling x8  
  82  7:49  Zergling x4  
  60  8:21  Drone x5  
  60  8:22  Drone x3  
Show
View Real Time Build Order
Export as new Build Order

CircusHelm Terran - Winner!

Build Orders: Reaper Expand 

Get SALT Encoding   

  12  0:00  SCV  
  13  0:12  SCV  
  14  0:16  Supply Depot  
  14  0:24  SCV  
  15  0:38  SCV  
  15  0:40  Barracks  
  16  0:46  Refinery  
  16  0:50  SCV  
  17  1:02  SCV  
  18  1:14  SCV  
  19  1:29  Reaper  
  19  1:30  Orbital Command  
  20  1:39  Command Center  
  20  1:46  Supply Depot  
  20  1:56  SCV  
  20  2:01  Reaper  
  23  2:08  SCV  
  23  2:11  Barracks  
  23  2:16  Barracks  
  23  2:20  SCV  
  24  2:25  Refinery  
  24  2:32  SCV  
  24  2:36  Reaper  
  26  2:46  SCV  
  27  2:52  Orbital Command  
  27  2:55  Bunker  
  27  2:58  SCV  
  27  2:59  Barracks Tech Lab  
  28  3:10  SCV  
  29  3:15  Marine  
  29  3:20  Barracks Reactor  
  29  3:23  SCV  
  30  3:27  Supply Depot, SCV  
  30  3:29  Marine  
  30  3:31  Engineering Bay  
  30  3:33  Marine  
  33  3:35  SCV  
  33  3:39  SCV  
  35  3:47  Marine, SCV  
  37  3:51  SCV  
  38  3:57  Marine x2  
  38  3:58  Marine  
  38  3:59  SCV  
  42  4:03  SCV  
  42  4:05  Marine  
  42  4:06  Terran Infantry Weapons Level 1  
  44  4:10  Factory  
  44  4:11  SCV  
  44  4:12  Supply Depot  
  44  4:13  Refinery  
  44  4:15  Marine  
  44  4:16  Marine, SCV  
  48  4:18  Barracks Reactor  
  48  4:19  Stimpack  
  48  4:22  Supply Depot  
  48  4:23  Marine, SCV  
  50  4:28  SCV  
  51  4:33  Marine  
  51  4:35  Supply Depot, SCV  
  51  4:36  Marine  
  54  4:40  SCV  
  54  4:41  Marine  
  56  4:47  SCV  
  56  4:50  Marine  
  56  4:52  SCV  
  59  4:53  Marine  
  59  4:55  Marine x2  
  59  4:56  Supply Depot  
  59  4:57  Factory Reactor  
  59  4:59  Starport, SCV  
  63  5:01  Marine  
  63  5:04  SCV  
  65  5:08  Marine  
  65  5:11  Marine, SCV  
  61  5:15  Marine  
  61  5:16  SCV  
  61  5:17  Marine  
  63  5:24  SCV  
  63  5:27  Bunker, Marine  
  66  5:28  SCV  
  66  5:30  Supply Depot  
  66  5:31  Marine  
  67  5:36  SCV  
  67  5:40  SCV  
  67  5:42  Marine  
  68  5:43  Marine x2  
  68  5:48  SCV  
  71  5:51  Marine  
  71  5:52  SCV  
  73  5:58  Factory Tech Lab  
  73  5:59  Medivac  
  73  6:00  Command Center, SCV, Medivac  
  73  6:02  Marine  
  79  6:06  Marine  
  79  6:07  SCV  
  81  6:11  Supply Depot  
  81  6:12  Terran Infantry Armor Level 1, SCV  
  81  6:16  Marine x2  
  81  6:17  Refinery  
  84  6:20  Marine, SCV  
  84  6:21  Supply Depot, Marine  
  84  6:24  Marine  
  88  6:26  SCV  
  88  6:28  Supply Depot  
  88  6:32  SCV  
  90  6:34  Marine x2  
  90  6:38  Supply Depot, Marine, SCV  
  90  6:39  Medivac  
  96  6:44  SCV  
  96  6:45  Marine x2  
  99  6:47  Siege Tank  
  99  6:50  SCV  
  99  6:51  Marine  
  99  6:53  Supply Depot  
  104  6:56  Marine, SCV  
  104  6:57  Marine  
  104  6:59  Supply Depot  
  107  7:02  Marine, SCV  
  107  7:07  Marine  
  107  7:08  Supply Depot, SCV  
  111  7:10  Bunker, Supply Depot  
  111  7:14  SCV  
  111  7:15  Marine x2  
  114  7:16  Marine  
  114  7:20  Marine, SCV  
  114  7:22  Supply Depot  
  117  7:26  SCV  
  118  7:32  Marauder, Marine, SCV x2  
  121  7:39  Marine  
  121  7:40  SCV  
  123  7:45  Marine  
  123  7:47  Marine, SCV  
  123  7:49  Siege Tank  
  123  7:50  Marine  
  130  7:53  Marine  
  130  7:55  Barracks x2  
  130  7:58  Marine  
  130  8:02  Marine  
  130  8:03  SCV  
  126  8:10  Marine x2  
  126  8:11  Marauder, SCV  
  126  8:12  SCV  
  131  8:15  Supply Depot  
  131  8:17  Marine  
  131  8:18  SCV  
  133  8:23  Marine  
  133  8:24  SCV  
  135  8:28  Barracks, Marine x2  
  135  8:30  Barracks  
  135  8:31  Starport  
  135  8:32  Supply Depot  
  135  8:33  Supply Depot, SCV  
  140  8:36  SCV  
Tags
 
Add a new tag
Caveats
  • Supply blocks, unpowered buildings, or Contaminate may cause inaccurate times.
  • Supply counts are checked every 10 seconds.